 Dungeon Crawl Stone Soup version 0.27-a0-1612-gde56a17b89 (webtiles) character file.

Game seed: 906015414579232570

186 Yggy the Shield-Bearer (level 5, -2/41 HPs)
             Began as a Human Fighter on July 21, 2021.
             Slain by an orc wizard (3 damage)
             ... on level 4 of the Dungeon.
             The game lasted 00:34:52 (3481 turns).

Yggy the Shield-Bearer (Human Fighter)              Turns: 3481, Time: 00:34:52

Health: -2/41      AC: 10    Str: 18    XL:     5   Next: 97%
Magic:  5/5        EV:  7    Int:  8    God:
Gold:   19         SH:  9    Dex: 12    Spells: 4/4 levels left

rFire    . . .     SeeInvis .   a - +0 long sword
rCold    . . .     Faith    .   c - +0 kite shield
rNeg     . . .     Spirit   .   b - +0 scale mail
rPois    .         Reflect  .   N - +0 helmet
rElec    .         Harm     .   (no cloak)
rCorr    .         Rampage  .   s - +0 pair of gloves
Will     .....                  O - +0 pair of boots
Stlth    ..........             (no amulet)
HPRegen  0.13/turn              u - ring of wizardry
MPRegen  0.09/turn              (no ring)

@: hasted, very quick
A: no striking features
a: no special abilities


You were on level 4 of the Dungeon.
You visited 1 branch of the dungeon, and saw 4 of its levels.

You collected 135 gold pieces.
You spent 116 gold pieces at shops.

Inventory:

Hand Weapons
 a - a +0 long sword (weapon)
 f - a +6 club
 l - a +2 dagger of venom
 C - a +0 trident
 K - a +0 hand axe
Missiles
 k - 38 stones (quivered)
 m - 14 arrows
 y - 39 bolts
Armour
 b - a +0 scale mail (worn)
 c - a +0 kite shield (worn)
 e - a +0 pair of gloves
 g - a +0 scale mail
 s - a +0 pair of gloves (worn)
 L - a +0 scale mail
 N - a +0 helmet (worn)
 O - a +0 pair of boots (worn)
Jewellery
 u - a ring of wizardry (left hand)
Wands
 d - a wand of iceblast (8)
Scrolls
 p - 2 scrolls of identify
 q - 2 scrolls of teleportation
 D - a scroll of vulnerability {unknown}


   Skills:
 + Level 3.6 Fighting
 + Level 3.4 Long Blades
 + Level 1.1 Throwing
 + Level 3.8 Armour
 + Level 0.5 Dodging
 + Level 0.5 Stealth
 + Level 3.8 Shields


You had 4 spell levels left.
You didn't know any spells.
Your spell library was empty.

Dungeon Overview and Level Annotations

Branches:
Dungeon (4/15)
 Temple: D:4-7

Altars:

Shops:
D:1 =   D:4 [


Message History

The orc hits you but does no damage.
You slash the orc!
You kill the orc!
You hit something but do no damage. You block something's attack.
Something hits you.
You hit something. Something hits you.
You barely miss something. Something hits you but does no damage.
Something hits you but does no damage.
You hear some strange, mumbled words.
A magic dart appears from out of thin air!
The magic dart hits you!
You hit the orc priest.
The orc priest is moderately wounded.
The orc priest invokes the aid of Beogh against you.
Pain shoots through your body! Something hits you but does no damage.
You slash the orc priest!
The orc priest is severely wounded.
The orc priest calls down the wrath of Beogh upon you.
Beogh smites you!
* * * LOW HITPOINT WARNING * * *
Something hits you but does no damage.
The orc priest hits you but does no damage.
Something hits you.
* * * LOW HITPOINT WARNING * * *
It was a potion of haste.
You feel yourself speed up.
The orc priest hits you but does no damage.
Something hits you but does no damage.
You closely miss the orc priest.
The orc priest is severely wounded.
The orc priest hits you but does no damage.
You block something's attack.
You hit the orc priest.
The orc priest is almost dead.
You block the orc priest's attack. Something hits you but does no damage.
You hit the orc priest but do no damage.
The orc priest is almost dead.
The orc priest hits you with a +0 club.
* * * LOW HITPOINT WARNING * * *
Something hits you.
You die...

.............#####
.............#
.............#
........<....#
.............#
.............+
.............####
######o##......####
.......{@#.o....+..#
.........#......#..#
...).....#......#..#....#
#...###.##......#..#....#
#### #.#....(.##..#....#
..#....{.'..<+....+
..#......#...#....#
#..#....(.##..#....#
####.o((#..#....#


You could see an orc priest.

Vanquished Creatures
  An orc priest (D:3)
  Ijyb (D:4)
  Terence (D:3)
  A hound skeleton (D:4)
  3 adders (D:2)
  8 orcs
  3 bats
  An endoplasm (D:2)
  4 giant cockroaches
  7 goblins
  5 hobgoblins
  2 jackals (D:3)
  3 quokkas
  3 ball pythons
  5 frilled lizards (D:1)
  3 kobolds
  8 rats
59 creatures vanquished.

Notes
Turn   | Place    | Note
-------+----------+-------------------------------------------
     0 | D:1      | Yggy the Human Fighter began the quest for the Orb.
     0 | D:1      | Reached XP level 1. HP: 18/18 MP: 1/1
   113 | D:1      | Reached XP level 2. HP: 22/24 MP: 2/2
   230 | D:1      | Found Isumea's Jewellery Shop.
   503 | D:1      | Reached XP level 3. HP: 25/29 MP: 3/3
  1324 | D:2      | Found a faded altar of an unknown god.
  1570 | D:2      | Reached XP level 4. HP: 35/35 MP: 4/4
  2565 | D:3      | Reached XP level 5. HP: 30/41 MP: 5/5
  2629 | D:3      | Noticed Terence
  2650 | D:3      | Killed Terence
  3081 | D:4      | Found Evuyniyw's Armour Emporium.
  3088 | D:4      | Bought a +0 helmet for 58 gold pieces
  3090 | D:4      | Bought a +0 pair of boots for 58 gold pieces
  3205 | D:4      | Reached skill level 1 in Throwing
  3307 | D:4      | Noticed Ijyb
  3324 | D:4      | Killed Ijyb
  3477 | D:4      | HP: 2/41 [something (1)]
  3481 | D:4      | Slain by an orc wizard

Illustrated notes

Levels and vault maps discovered:
D:1:      dpeg_arrival_ratfight, layout_basic, serial_shops, nicolae_shop_stone
D:2:      layout_loops_ring, hellmonk_ecumenical_altar_heavens_door
D:3:      layout_rooms, uniq_terence
D:4:      layout_gridville, serial_shops, shop, uniq_ijyb

Skill      XL: |  1  2  3  4  5 |
---------------+----------------+-----
Long Blades    | 3 |  3.4
Throwing       | 1 |  1.1
Fighting       | |  3.6
Armour         | |  3.8
Dodging        | |  0.5
Stealth        | |  0.5
Shields        | |  3.8

Action                   |  1- 3 |  4- 6 || total
-------------------------+-------+-------++-------
Melee: Long sword        |   134 |   107 ||   241
Throw: Stone             |    13 |    43 ||    56
  Use: Scroll            |     1 |     1 ||     2
       Potion            |       |     5 ||     5
Armor: Scale mail        |    56 |    49 ||   105
Dodge: Dodged            |    52 |    35 ||    87
Block: Kite shield       |    64 |    46 ||   110
       Rpst.: Long sword |    21 |     8 ||    29

Table legend: (Time is in decaauts)
 A = Elapsed time spent in this place.
 B = Non-inter-level travel time spent in this place.
 C = Inter-level travel time spent in this place.
 D = Time resting spent in this place.
 E = Time spent auto-exploring this place.
 F = Levels seen in this place.
 G = Mean time per level.
                   A        B        C        D        E       F      G
               +--------+--------+--------+--------+--------+-----+--------+
         Total |   3614 |   2552 |   1062 |    754 |    919 |   4 |  903.5 |
       Dungeon |   3614 |   2552 |   1062 |    754 |    919 |   4 |  903.5 |
               +--------+--------+--------+--------+--------+-----+--------+

Top non-repeatable levels by time:
     D:1: 1160 daAuts
     D:2: 1115 daAuts
     D:3: 910 daAuts
     D:4: 427 daAuts
